 Dungeon Crawl Stone Soup version 0.28.0 (webtiles) character file.

Game seed: 11746685028564691193

1697 Morbidden the Slasher (level 8, -3/61 HPs)
             Began as a Demonspawn Fighter on Feb 16, 2022.
             Was a Follower of Vehumet.
             Slain by a komodo dragon (7 damage)
             ... on level 7 of the Dungeon.
             The game lasted 00:05:08 (5441 turns).

Morbidden the Slasher (Demonspawn Fighter)          Turns: 5441, Time: 00:05:08

Health: -3/61      AC: 14    Str: 18    XL:     8   Next: 72%
Magic:  11/11      EV:  5    Int:  9    God:    Vehumet [*.....]
Gold:   300        SH: 13    Dex: 14    Spells: 9/11 levels left

rFire   . . .      SeeInvis .   a - +0 long sword
rCold   . . .      Faith    .   c - +0 buckler
rNeg    . . .      Spirit   .   t - +1 scale mail of Distant Shores {Rampage rElec}
rPois   .          Reflect  .   (no helmet)
rElec   +          Harm     .   (no cloak)
rCorr   .          Rampage  +   i - +0 pair of gloves
Will    .....                   (no boots)
Stlth   ..........              (no amulet)
HPRegen 0.20/turn               g - +4 ring of slaying
MPRegen 0.12/turn               (no ring)

@: petrifying, very slow
A: large bone plates 1, icemail 1, condensation shield, demonic touch 1, shaggy
fur 1, wild magic 1
a: Renounce Religion


You were on level 7 of the Dungeon.
You worshipped Vehumet.
Vehumet was aware of your devotion.
You visited 2 branches of the dungeon, and saw 8 of its levels.

You collected 300 gold pieces.

Inventory:

Hand Weapons
 a - a +0 long sword (weapon)
Missiles
 b - 3 javelins
 j - 8 poisoned darts (quivered)
Armour
 c - a +0 buckler (worn)
 i - a +0 pair of gloves (worn)
 t - the +1 scale mail of Distant Shores (worn) {Rampage rElec}
   (You found it on level 6 of the Dungeon)

   rElec:     It insulates you from electricity.
   Rampage:   It bestows one free step when moving towards enemies.
Jewellery
 g - a +4 ring of slaying (left hand)
Scrolls
 e - a scroll of teleportation {unknown}
 h - a scroll of silence {unknown}
 k - 5 scrolls of identify
 n - a scroll of fog {unknown}
 o - a scroll of blinking {unknown}
 p - a scroll of immolation {unknown}
 r - a scroll of enchant armour {unknown}
 s - 2 scrolls of amnesia
Potions
 d - a potion of curing {unknown}
 f - 3 potions of mutation
 l - a potion of degeneration {unknown}
 m - 2 potions of haste {unknown}
 q - a potion of lignification {unknown}


   Skills:
 * Level 4.6 Fighting
 * Level 6.3 Long Blades
 + Level 4.0 Armour
 * Level 3.1 Dodging
 + Level 0.3 Stealth
 + Level 4.3 Shields
 * Level 2.4 Spellcasting
 * Level 2.7 Conjurations
 * Level 2.2 Air Magic


You had 9 spell levels left.
You knew the following spells:

 Your Spells              Type           Power      Damage    Failure   Level
a - Static Discharge      Conj/Air       7%         N/A       65%         2

Your spell library contained the following spells:

 Spells                   Type           Power      Damage    Failure   Level
 Magic Dart               Conj           28%        1d4       47%         1
 Ensorcelled Hibernation  Hex/Ice        2%         N/A       92%         2
 Spider Form              Tmut/Pois      1%         N/A       99%         3
 Anguish                  Hex/Necr       0%         N/A       100%        4
 Hailstorm                Conj/Ice       4%         3d4       100%        4
 Ice Form                 Ice/Tmut       1%         N/A       100%        4
 Lightning Bolt           Conj/Air       3%         1d15      100%        5
 Simulacrum               Ice/Necr       0%         N/A       100%        6
 Maxwell's Capacitive Co  Air            3%         ∞         100%        8


Dungeon Overview and Level Annotations

Branches:
Dungeon (7/15)             Temple (1/1) D:4

Altars:
Ashenzari
Cheibriados
Dithmenos
Elyvilon
Fedhas
Gozag
Hepliaklqana
Kikubaaqudgha
Makhleb
Nemelex Xobeh
Okawaru
Qazlal
Ru
Sif Muna
Uskayaw
Vehumet
Xom
Zin
The Shining One

Shops:
D:2 [   D:4 (


Innate Abilities, Weirdness & Mutations

You are partially covered in large bone plates. (SH +4)
A meltable icy envelope protects you from harm. (AC +4)
A meltable shield of frost defends you. (SH +4)
Your touch may inflict minor irresistible damage on your foes.
You are covered in fur. (AC +1)
Your spells are a little harder to cast, but a little more powerful.


Message History

You slash the komodo dragon!
The komodo dragon is moderately wounded.
The komodo dragon barely misses you.
Unknown command.
Unknown command.
Unknown command.
You barely miss the komodo dragon.
The komodo dragon is moderately wounded.
You block the komodo dragon's attack.
Unknown command.
You hit the komodo dragon.
The komodo dragon is heavily wounded.
You block the komodo dragon's attack.
Unknown command.
You barely miss the komodo dragon.
The komodo dragon is heavily wounded.
The komodo dragon bites you!
Unknown command.
You hit the komodo dragon but do no damage.
The komodo dragon is heavily wounded.
You block the komodo dragon's attack.
Unknown command.
You completely miss the komodo dragon.
The komodo dragon is heavily wounded.
The komodo dragon barely misses you.
Unknown command.
You barely miss the komodo dragon.
The komodo dragon is heavily wounded.
The komodo dragon bites you!!
* * * LOW HITPOINT WARNING * * *
Unknown command.
Unknown command.
Okay, then.
The basilisk gazes at you.
You are slowing down.
Okay, then.
It was a potion of mutation.
You feel extremely strange.
You feel less in control of your magic. Fur sprouts all over your body.
The komodo dragon bites you!
You die...

#.###.######.#.#
#########.)...##..
..#..
+.........)...........
#......#########...# #
#.####.# ..# #. #.# #
#.####.# #....#.###
#......@.# #....#.#l#
###.#.#.l#Z##
......#.#...#
.##l..#...# .
#.#..#......
#.#:#Z#...#.... #.
#.#.#...#.... #
....#...# ...


You could see a komodo dragon, a basilisk and a water moccasin skeleton.

Vanquished Creatures
  Sigmund (D:2)
  A water moccasin (D:6)
  An ice beast (D:6)
  A sky beast (D:6)
  A necrophage (D:5)
  2 phantoms
  2 centaurs (D:6)
  2 bullfrogs
  4 scorpions
  A howler monkey (D:6)
  A centaur zombie (D:6)
  A jelly (D:6)
  A bullfrog skeleton (D:6)
  A centaur skeleton (D:6)
  3 iguanas
  A killer bee zombie (D:6)
  A hound skeleton (D:4)
  A howler monkey skeleton (D:4)
  9 adders
  A shadow imp (D:3)
  A white imp (D:5)
  2 ufetubi
  2 adder skeletons
  4 worms
  3 dart slugs
  12 orcs
  3 ball pythons
  4 endoplasms
  3 giant cockroaches
  9 goblins
  5 hobgoblins
  6 jackals (D:1)
  5 quokkas
  A bat (D:1)
  2 kobolds (D:1)
  5 rats
103 creatures vanquished.

Notes
Turn   | Place    | Note
-------+----------+-------------------------------------------
     0 | D:1      | Morbidden the Demonspawn Fighter began the quest for the
                  | Orb.
     0 | D:1      | Reached XP level 1. HP: 18/18 MP: 1/1
   258 | D:1      | Gained mutation: A meltable shield of frost defends you.
                  | (SH +4) [demonic ancestry]
   258 | D:1      | Reached XP level 2. HP: 18/24 MP: 2/2
   542 | D:1      | Reached skill level 2 in Long Blades
   606 | D:1      | Gained mutation: Your touch may inflict minor irresistible
                  | damage on your foes. [demonic ancestry]
   606 | D:1      | Reached XP level 3. HP: 22/29 MP: 3/3
   968 | D:2      | Found Noesodwa's Armour Boutique.
   999 | D:2      | Noticed Sigmund
  1016 | D:2      | Killed Sigmund
  1017 | D:2      | Reached skill level 4 in Long Blades
  1017 | D:2      | Reached skill level 1 in Dodging
  1017 | D:2      | Gained mutation: A meltable icy envelope protects you from
                  | harm. (AC +4) [demonic ancestry]
  1017 | D:2      | Reached XP level 4. HP: 10/37 MP: 4/4
  1017 | D:2      | Reached XP level 5. HP: 12/42 MP: 5/5
  2197 | D:3      | Reached XP level 6. HP: 48/48 MP: 6/6
  2205 | D:3      | Learned a level 2 spell: Static Discharge
  2526 | D:3      | Found a stormy altar of Qazlal.
  2558 | D:4      | Found Pinti's Antique Weapon Emporium.
  2722 | D:4      | Found a staircase to the Ecumenical Temple.
  2733 | Temple   | Entered the Ecumenical Temple
  2917 | Temple   | Became a worshipper of Vehumet
  3434 | D:4      | Reached skill level 5 in Long Blades
  3664 | D:5      | Entered Level 5 of the Dungeon
  3718 | D:5      | Reached XP level 7. HP: 50/53 MP: 8/8
  3721 | D:5      | Reached skill level 1 in Spellcasting
  3895 | D:5      | Reached skill level 1 in Conjurations
  3907 | D:5      | Reached skill level 1 in Air Magic
  4533 | D:6      | Gained mutation: You are partially covered in large bone
                  | plates. (SH +4) [demonic ancestry]
  4533 | D:6      | Reached XP level 8. HP: 15/60 MP: 10/10
  4537 | D:6      | Reached skill level 6 in Long Blades
  5006 | D:6      | Identified the +1 scale mail of Distant Shores {Rampage
                  | rElec}
  5406 | D:7      | Reached * piety under Vehumet
  5406 | D:7      | Offered knowledge of Magic Dart by Vehumet.
  5422 | D:7      | Noticed a komodo dragon
  5437 | D:7      | HP: 3/61 [komodo dragon (28)]
  5441 | D:7      | Gained mutation: Your spells are a little harder to cast,
                  | but a little more powerful. [potion of mutation]
  5441 | D:7      | Gained mutation: You are covered in fur. (AC +1) [potion of
                  | mutation]
  5441 | D:7      | Slain by a komodo dragon

Illustrated notes

Levels and vault maps discovered:
D:1:      roderic_dead_forest, layout_loops_ring, skrybe_limestone_x,
          st_stairs_7, minmay_heptomino_o4
D:2:      layout_loops_ring, serial_shops, nicolae_shop_trees, uniq_sigmund
D:3:      layout_basic, nicolae_qazlal_eye_of_the_storm,
          chequers_serial_rivers_micro_a
D:4:      layout_loops_ring, minmay_temple_entry_crystal_x, serial_shops,
          nicolae_shop_crystal
D:5:      layout_basic
D:6:      layout_cave_pools, serial_glass, glass_columns_a, glass_columns_a,
          glass_columns_a, glass_columns_c, glass_columns_b, glass_columns_a,
          nicolae_elevator_lobby_asterisk
D:7:      layout_basic, trog_butcher_becter, minmay_manual_mess
Temple:   dpeg_five_rooms_temple

Skill      XL: |  1  2  3  4  5  6  7  8 |
---------------+-------------------------+-----
Long Blades    | 2 4 5 6 |  6.3
Shields        | 3 4 |  4.3
Armour         | 3 4 |  4.0
Dodging        | 1 2 3 |  3.1
Fighting       | 4 |  4.6
Spellcasting   | 1 2 |  2.4
Conjurations   | 2 |  2.7
Air Magic      | 1 2 |  2.2
Stealth        | |  0.3

Action                   |  1- 3 |  4- 6 |  7- 9 || total
-------------------------+-------+-------+-------++-------
Melee: Long sword        |    63 |   119 |   144 ||   326
  Use: Potion            |     1 |       |     4 ||     5
       Scroll            |       |       |     1 ||     1
Armor: Scale mail        |    32 |    46 |   121 ||   199
Dodge: Dodged            |    27 |    32 |   106 ||   165
Block: Buckler           |    18 |    48 |   152 ||   218
